 Dungeon Crawl Stone Soup version bcrawl-1.19.2-6-g6a88ae04c9 (webtiles) character file.

Game seed: 8838667260926196140

484 Artagas the Chopper (level 6, -8/40 HPs)
             Began as a Skeleton Abyssal Knight on Dec 15, 2019.
             Was a Believer of Lugonu.
             Mangled by a troll (16 damage)
             ... on level 3 of the Dungeon.
             The game lasted 00:03:59 (4011 turns).

Artagas the Chopper (Skeleton Abyssal Knight)       Turns: 4011, Time: 00:03:59

Health: -8/40      AC:  6    Str: 20      XL:     6   Next: 88%
Magic:  0/7        EV: 10    Int: 10 (11) God:    Lugonu [**....]
Gold:   86         SH:  0    Dex:  6 (8)  Spells: 5/5 levels left

rFire    . . .     SeeInvis .   f - +0 war axe
rCold    + . .     Gourm    .   (no shield)
rNeg     + + +     Faith    .   k - +0 scale mail
rPois    ∞         Spirit   +   (no helmet)
rElec    .         Reflect  .   (no cloak)
rCorr    .         Harm     .   (no gloves)
MR       +....                  (no boots)
Stlth    ..........             (no amulet)
HPRegen  0.13/turn              n - ring of positive energy
MPRegen  0.10/turn              m - ring of protection from magic

@: no status effects
A: no food or potions, cold resistance 1, deterioration 1, negative energy
resistance 3, powered by death 1, torment resistance, unbreathing, magic shield,
sturdy frame 1, spell healing
a: Depart the Abyss, Bend Space, Banish, Renounce Religion


You were on level 3 of the Dungeon.
You worshipped Lugonu.
Lugonu was pleased with you.
You were not hungry.

You visited 1 branch of the dungeon, and saw 4 of its levels.
You visited the Abyss 1 time.

You collected 86 gold pieces.

Inventory:

Hand Weapons
 a - a +1 hand axe
 d - a +1 mace of protection
   (You took it off an orc on level 3 of the Dungeon)
 f - a +0 war axe (weapon)
   (You took it off an orc on level 3 of the Dungeon)
Armour
 b - a +0 leather armour
 g - a +0 ring mail
   (You took it off an orc on level 3 of the Dungeon)
 k - a +0 scale mail (worn)
   (You found it on level 3 of the Dungeon)
Jewellery
 m - a ring of protection from magic (right hand)
   (You found it on level 1 of the Dungeon)
 n - a ring of positive energy (left hand)
   (You found it on level 1 of the Dungeon)
Scrolls
 c - a scroll of noise
 e - a scroll of fear {unknown}
 h - 2 scrolls of immolation
 i - a scroll of teleportation {unknown}
 j - a scroll of blinking {unknown}
 r - a scroll of identify
 w - a scroll of remove curse


   Skills:
 - Level 5.0 Fighting
 * Level 7.6 Axes
 - Level 2.2 Armour
 - Level 1.0 Dodging
 - Level 1.7 Invocations


You had 5 spell levels left.
You didn't know any spells.
Your spell library was empty.

Dungeon Overview and Level Annotations

Branches:
Dungeon (4/12)
 Temple: D:4-7

Altars:
Ashenzari


Innate Abilities, Weirdness & Mutations

You do not eat or drink.
You are immune to poison.
Your flesh is cold resistant. (rC+)
Your body sometimes deteriorates upon taking damage.
You are immune to negative energy. (rN+++)
You regenerate a little health from kills.
You are immune to unholy pain and torment.
You can survive without breathing.
When hurt, damage is shared between your health and your magic reserves.
Your movements are slightly less encumbered by armour. (ER -2)
Casting spells heals you.


Message History

You kill the dart slug!
Lugonu accepts your kill.
You slash the hobgoblin!
You kill the hobgoblin!
Lugonu accepts your kill.
You hit the adder zombie but do no damage.
The adder zombie is heavily damaged.
The adder zombie barely misses you.
You closely miss the adder zombie.
The adder zombie is heavily damaged.
The adder zombie bites you but does no damage.
The adder zombie misses you.
You slash the adder zombie!
You destroy the adder zombie!
Lugonu accepts your kill.
No target in view!
No target in view!
No target in view!
No target in view!
No target in view!
No target in view!
No target in view!
No target in view!
No target in view!
No target in view!
No target in view!
No target in view!
There is a stone staircase leading down here.
You climb downwards.
Found a ring mail and a robe.
There is a stone staircase leading up here.
No target in view!
There is a stone staircase leading up here.
A howler monkey comes into view.
The howler monkey howls!
You hear a shout!
The howler monkey hoots and howls with incredible vigour!
You hear a bark!
A howler monkey is nearby!
A howler monkey is nearby!
Found a ration.
Found 199 arrows and a scroll of identify.
You slash the howler monkey!
The howler monkey is almost dead.
The howler monkey hits you.
The howler monkey hoots and howls with incredible vigour!
You hear a shout!
You hear an angry hiss.
You hit the howler monkey but do no damage.
The howler monkey is almost dead.
The howler monkey hits you but does no damage.
You hit the howler monkey but do no damage.
The howler monkey is almost dead.
The howler monkey barely misses you.
A troll comes into view.
You closely miss the howler monkey.
The howler monkey is almost dead.
The howler monkey hoots and howls with incredible vigour!
The howler monkey hits you but does no damage.
You hear a bark!
You slash the howler monkey!
You kill the howler monkey!
Lugonu accepts your kill.
A worker ant comes into view.
A crimson imp comes into view.
The worker ant twitches its antennae in your direction.
The troll bites you! The troll closely misses you. The troll barely misses you.
You see here a howler monkey corpse.
You slash the troll!
The troll is moderately wounded.
The troll bites you!
Your body deteriorates!
You feel dopey. The troll claws you. The troll claws you but does no damage.
An iguana comes into view.
You are too injured to fight recklessly!
You are too injured to fight recklessly!
You are too injured to fight recklessly!
You are too injured to fight recklessly!
You are too injured to fight recklessly!
You are too injured to fight recklessly!
You are too injured to fight recklessly!
You are too injured to fight recklessly!
You are too injured to fight recklessly!
You are too injured to fight recklessly!
You are too injured to fight recklessly!
You are too injured to fight recklessly!
You are too injured to fight recklessly!
You are too injured to fight recklessly!
You are too injured to fight recklessly!
You are too injured to fight recklessly!
You are too injured to fight recklessly!
You are too injured to fight recklessly!
You are too injured to fight recklessly!
The crimson imp grins evilly.
The crimson imp blinks!
There is a stone staircase leading up here.
The troll bites you!
* * * LOW HITPOINT WARNING * * *
The troll claws you. The troll barely misses you.
You climb upwards.
There is a stone staircase leading down here.
You fail to use your ability.
The troll bites you!
You die...

#####.# #.....#
#.#....#
##...######
##.#....##†..##
#.........###.##
#.#.#.#..##
##.##
......###.# #T.#
.#.#.# ..# ##.@#
..#. ..#.###.#.#
# .#. #.).##.#
..#.###)###.##
#. #...$........
#.#.#.###.###
#.#.....#
#.#.!##.# #.#.(#


You could see a troll.

Vanquished Creatures
  2 sky beasts (D:3)
  A howler monkey (D:4)
  2 orc priests (D:3)
  A worker ant (D:2)
  2 orc wizards (D:3)
  An adder (D:3)
  An adder zombie (D:3)
  2 worms (D:2)
  5 dart slugs
  6 leopard geckos
  15 orcs
  3 ball pythons
  2 giant cockroaches (D:3)
  4 goblins
  10 hobgoblins
  4 jackals (D:1)
  A quokka (D:3)
  4 bats
  7 frilled lizards
  A kobold (D:1)
  7 rats
81 creatures vanquished.

Notes
Turn   | Place    | Note
-------+----------+-------------------------------------------
     0 | Abyss:1  | Artagas the Skeleton Abyssal Knight began the quest for the
                  | Orb.
     0 | Abyss:1  | Reached XP level 1. HP: 14/14 MP: 2/2
     0 | D:1      | Escaped the Abyss
   124 | D:1      | Reached skill level 3 in Axes
   128 | D:1      | Reached * piety under Lugonu
   128 | D:1      | Reached XP level 2. HP: 17/19 MP: 3/3
   993 | D:2      | Reached XP level 3. HP: 23/23 MP: 4/4
  1172 | D:2      | Reached skill level 4 in Axes
  1564 | D:2      | Reached XP level 4. HP: 22/29 MP: 3/5
  1577 | D:2      | Reached ** piety under Lugonu
  2084 | D:3      | Reached skill level 5 in Axes
  2212 | D:3      | Reached skill level 4 in Fighting
  2332 | D:3      | Found a shattered altar of Ashenzari.
  2335 | D:3      | Noticed a sky beast
  2622 | D:3      | Reached XP level 5. HP: 22/33 MP: 4/6
  3316 | D:3      | Killed a sky beast
  3316 | D:3      | Reached skill level 6 in Axes
  3316 | D:3      | Gained mutation: You regenerate a little health from kills.
                  | [Skeleton growth]
  3316 | D:3      | Reached XP level 6. HP: 15/39 MP: 4/7
  3514 | D:3      | Noticed a sky beast
  3529 | D:3      | Killed a sky beast
  3529 | D:3      | Reached skill level 7 in Axes
  3876 | D:3      | Reached skill level 5 in Fighting
  3999 | D:4      | Noticed a troll
  4011 | D:3      | Mangled by a troll

Skill      XL: |  1  2  3  4  5  6 |
---------------+-------------------+-----
Axes           | 3 4 5 6 7 |  7.6
Fighting       | 4 5 |  5.0
Armour         | |  2.2
Dodging        | |  1.0
Invocations    | |  1.7

Action                   |  1- 3 |  4- 6 || total
-------------------------+-------+-------++-------
Melee: Hand axe          |   106 |    52 ||   158
       War axe           |       |   146 ||   146
Invok: Depart the Abyss  |     1 |       ||     1
  Use: Scroll            |       |     3 ||     3
 Stab: Sleeping          |     1 |       ||     1
Armor: Leather armour    |    29 |     6 ||    35
       Ring mail         |       |    52 ||    52
       Scale mail        |       |     6 ||     6
Dodge: Dodged            |    68 |   106 ||   174

Levels and vault maps discovered:
D:1:      lightli_arrival_statuegarden, layout_loops_cross
D:2:      layout_rooms, first_ration
D:3:      layout_loops_ring, cheibrodos_ashenzari_chains
D:4:      layout_rooms, uniq_sigmund

Table legend:
 A = Turns spent in this place as a percentage of turns spent in the entire game.
 B = Non-inter-level travel turns spent in this place as a percentage of non-inter-level travel turns spent in the entire game.
 C = Inter-level travel turns spent in this place as a percentage of turns spent in this place.
 D = Turns resting spent in this place as a percentage of non-inter-level travel turns spent in this place.
 E = Turns spent auto-exploring this place as a percentage of non-inter-level travel turns spent in this place.
 F = Non-inter-level travel turns spent in this place divided by the number of levels of this place that you've seen.
                   A       B       C       D       E      F
               +-------+-------+-------+-------+-------+----------------------
         Total | 100.0 | 100.0 |   0.9 |  47.7 |  36.3 | 795.0
       Dungeon | 100.0 | 100.0 |   0.9 |  47.7 |  36.3 | 993.8
         Abyss |   0.0 |   0.0 |   N/A |   N/A |   N/A |   0.0
               +-------+-------+-------+-------+-------+----------------------

Table legend:
 A = Kills in this place as a percentage of kills in entire the game.
 B = Kills by you in this place as a percentage of kills by you in the entire game.
 C = Kills by friends in this place as a percentage of kills by friends in the entire game.
 D = Other kills in this place as a percentage of other kills in the entire game.
 E = Experience gained in this place as a percentage of experience gained in the entire game.
 F = Experience gained in this place divided by the number of levels of this place that you have seen.
                   A       B       C       D       E      F
               +-------+-------+-------+-------+-------+----------------------
         Total | 100.0 | 100.0 |   N/A |   N/A | 100.0 | 138.4
       Dungeon | 100.0 | 100.0 |   N/A |   N/A | 100.0 | 173.0
               +-------+-------+-------+-------+-------+----------------------
